 Dungeon Crawl Stone Soup version 0.31-a0-331-geda263fcf1 (webtiles) character file.

Game seed: 16474002194694439536

1663239 Shard1697 the Rapturous (level 25, 215/215 (225) HPs)
             Began as a Purple Draconian Ice Elementalist on July 20, 2023.
             Was a Follower of Uskayaw.
             Escaped with the Orb
             ... and 3 runes!
             The game lasted 02:48:41 (66094 turns).

Shard1697 the Rapturous (DrIE)                     Turns: 66094, Time: 02:48:41

HP:   215/215 (225) AC: 24    Str: 16    XL:     25   Next: 8%
MP:   38/38         EV: 31    Int: 19    God:    Uskayaw [*.....]
Gold: 1323          SH: 25    Dex: 26    Spells: 17/39 levels left

rFire   + . .        a - +11 demon blade of Infinite Pain {flame, Drain rPois Str+3}
rCold   . . .        T - +5 kite shield {rN+}
rNeg    + . .        (body armour unavailable)
rPois   +            P - +2 hat {Will+}
rElec   .            l - +2 cloak {Stlth+}
rCorr   .            B - +3 pair of gauntlets of War {Slay+5}
SInv    .            F - +2 pair of boots of a sewer {Int+2}
Will    ++++.        y - amulet of regeneration
Stlth   ++           w - ring of protection from fire
HPRegen 1.35/turn    t - +6 ring of dexterity
MPRegen 0.26/turn

%: no passive effects
@: studying 3 skills, lightly drained
A: breathe power, AC +12, unfitting armour, cold-blooded, large bone plates 1,
MP-powered wands
0: Orb of Zot
}: 3/15 runes: barnacled, abyssal, gossamer
a: Breathe Dispelling Energy, Renounce Religion, Stomp


You escaped.
You worshipped Uskayaw.
Uskayaw was greatly pleased with you.
You visited 9 branches of the dungeon, and saw 46 of its levels.
You visited the Abyss 1 time.
You visited 1 bazaar.
You also visited: Ice Cave.

You collected 5581 gold pieces.
You spent 4258 gold pieces at shops.

Inventory:

Hand Weapons
 a - the +11 demon blade of Infinite Pain (weapon) {flame, Drain rPois Str+3}
   (You took it off a deep elf sorcerer on level 3 of the Elven Halls)

   Str:       It affects your strength (+3).
   rPois:     It protects you from poison.
   Drain:     It drains your maximum health when unequipped.
 b - a +7 double sword of holy wrath
 z - a +4 eudemon blade of holy wrath
Armour
 l - a +2 cloak of stealth (worn)
 B - the +3 pair of gauntlets of War (worn) {Slay+5}
   (You bought it in a shop on level 2 of the Orcish Mines)

   Slay:      It affects your accuracy & damage with ranged weapons and melee
   (+5).
 C - the +0 pair of fencer's gloves {Riposte Dex+3}
   (You found it on level 1 of the Elven Halls)

   Riposte:   It allows the wearer to riposte with melee weapons, swiftly
   retaliating against missed or blocked melee attacks.
   Dex:       It affects your dexterity (+3).
 F - the +2 pair of boots of a sewer (worn) {Int+2}
   (You bought it in a shop on level 1 of the Vaults)

   Int:       It affects your intelligence (+2).
 P - a +2 hat of willpower (worn)
 T - a +5 kite shield of positive energy (worn)
Jewellery
 r - a +4 ring of protection
 t - a +6 ring of dexterity (right hand)
 u - the ring "Heytzih" {rC+ SInv}
   (You bought it in a shop on level 4 of the Depths)

   [ring of protection from cold]

   rC:        It protects you from cold.
   SInv:      It lets you see invisible.
 w - a ring of protection from fire (left hand)
 y - an amulet of regeneration (around neck)
 A - a ring of flight
 M - a ring of see invisible
Wands
 p - a wand of paralysis (48)
 s - a wand of iceblast (30)
 G - a wand of digging (14)
 Q - a wand of light (27)
 S - a wand of mindburst (15)
Scrolls
 f - 27 scrolls of identify
 k - 9 scrolls of fog
 n - 2 scrolls of butterflies
 D - 3 scrolls of silence
 E - 11 scrolls of amnesia
 H - a scroll of brand weapon
 I - a scroll of blinking
 J - 2 scrolls of fear
 N - 3 scrolls of teleportation
 R - 6 scrolls of enchant armour
Potions
 c - 3 potions of mutation
 d - 6 potions of might
 e - 7 potions of curing
 g - 10 potions of lignification
 h - 4 potions of cancellation
 j - 3 potions of magic
 m - 8 potions of enlightenment
 o - 9 potions of brilliance
 x - 3 potions of haste
 K - a potion of heal wounds
 U - a potion of berserk rage
 Y - 6 potions of ambrosia
Miscellaneous
 i - a box of beasts
 q - a phantom mirror
 v - a lightning rod (4/4)


   Skills:
 - Level 18.4 Fighting
 - Level 16.0 Long Blades
 + Level 20.1 Dodging
 - Level 5.3 Stealth
 - Level 15.0 Shields
 - Level 7.5 Spellcasting
 - Level 9.0 Hexes
 - Level 18.7 Summonings
 - Level 5.4 Ice Magic
 + Level 23.3 Invocations


You had 17 spell levels left.
You knew the following spells:

 Your Spells              Type           Power      Damage    Failure   Level
a - Freeze                Ice            100%       1d10      1%          1
b - Frozen Ramparts       Ice            54%        1d9       4%          3
c - Ozocubu's Armour      Ice            27%        N/A       4%          3
d - Tukima's Dance        Hex            41%        N/A       1%          3
g - Summon Mana Viper     Hex/Summ       56%        N/A       1%          5
t - Monstrous Menagerie   Summ           34%        N/A       6%          7

Your spell library contained the following spells:

 Spells                   Type           Power      Damage    Failure   Level
 Summon Small Mammal      Summ           100%       N/A       0%          1
 Call Canine Familiar     Summ           68%        N/A       1%          3
 Summon Guardian Golem    Hex/Summ       56%        N/A       1%          3
 Summon Ice Beast         Ice/Summ       52%        N/A       1%          4
 Summon Cactus Giant      Summ           34%        N/A       1%          6
 Summon Hydra             Summ           34%        N/A       6%          7
 Dazzling Flash           Conj/Hex       48%        N/A       8%          3
 Portal Projectile        Hex/Tloc       48%        N/A       8%          3
 Apportation              Tloc           14%        N/A       16%         1
 Foxfire                  Conj/Fire      28%        2x1d5     16%         1
 Kiss of Death            Conj/Necr      28%        2d7       16%         1
 Magic Dart               Conj           28%        1d4       16%         1
 Necrotise                Necr           28%        1d5       16%         1
 Hailstorm                Conj/Ice       17%        3d6       16%         3
 Cigotuvi's Dreadful Rot  Necr/Pois/Air  14%        N/A       24%         2
 Poisonous Vapours        Pois/Air       14%        N/A       24%         2
 Scorch                   Fire           14%        2d5       24%         2
 Searing Ray              Conj           14%        2d5       24%         2
 Sublimation of Blood     Necr           7%         N/A       24%         2
 Wereblood                Tmut           7%         N/A       24%         2
 Fulminant Prism          Conj/Hex       12%        3d8       26%         4
 Leda's Liquefaction      Hex/Erth       12%        N/A       26%         4
 Mephitic Cloud           Conj/Pois/Air  7%         N/A       43%         3
 Stone Arrow              Conj/Erth      14%        3d7       43%         3
 Vampiric Draining        Necr           7%         2d6       43%         3
 Volatile Blastmotes      Fire/Tloc      14%        2d11      43%         3
 Silence                  Hex/Air        12%        N/A       56%         5
 Yara's Violent Unravell  Hex/Tmut       12%        3d7       56%         5
 Animate Dead             Necr           7%         N/A       85%         4
 Dispel Undead            Necr           7%         3d8       85%         4
 Iskenderun's Mystic Bla  Conj/Tloc      7%         2d4       85%         4
 Manifold Assault         Tloc           7%         N/A       85%         4
 Passage of Golubria      Tloc           7%         N/A       85%         4
 Sticky Flame             Conj/Fire      7%         2d3       85%         4
 Freezing Cloud           Conj/Ice/Air   7%         6-21      91%         5
 Agony                    Necr           7%         N/A       99%         5
 Alistair's Intoxication  Tmut/Pois      4%         N/A       99%         5
 Borgnjor's Vile Clutch   Necr/Erth      3%         N/A       99%         5
 Fireball                 Conj/Fire      3%         3d4       99%         5
 Irradiate                Conj/Tmut      3%         3d12      99%         5
 Iskenderun's Battlesphe  Conj           7%         2d6       99%         5
 Lee's Rapid Deconstruct  Erth           3%         3d5*      99%         5
 Conjure Ball Lightning   Conj/Air       3%         3x3d6     100%        6
 Death Channel            Necr           3%         N/A       100%        6
 Dispersal                Tloc           3%         N/A       100%        6
 Leda's Unmaking          Conj/Erth      3%         9d1       100%        6
 Plasma Beam              Fire/Air       3%         2x1d13    100%        6
 Starburst                Conj/Fire      3%         6d3       100%        6
 Orb of Destruction       Conj           3%         9d5       100%        7
 Disjunction              Tloc           3%         N/A       100%        8
 Lehudib's Crystal Spear  Conj/Erth      3%         10d3      100%        8
 Dragon's Call            Summ           34%        N/A       100%        9
 Fire Storm               Conj/Fire      3%         8d1       100%        9
 Animate Armour           Summ/Erth      Unusable   N/A       N/A         4

Dungeon Overview and Level Annotations

Branches:
Dungeon (15/15)            Temple (0/1) D:7            Lair (5/5) D:9
 Shoals (4/4) Lair:2       Spider (4/4) Lair:3        Slime (0/5) Lair:5
    Orc (2/2) D:12            Elf (3/3) Orc:2        Vaults (4/5) D:14
  Crypt (0/3) Vaults:2     Depths (4/4) D:15            Zot (5/5) Depths:4
  IceCv (visited)

Altars:
Ashenzari
Cheibriados
Elyvilon
Fedhas
Gozag
Kikubaaqudgha
Nemelex Xobeh
Okawaru
Qazlal
Uskayaw
Vehumet
Zin
Lugonu

Shops:
D:6 :   D:7 *   D:8 *   D:14 *   Orc:2 ?=*[   Elf:1 ?   Vaults:1 **[
Vaults:2 (   Depths:1 *   Depths:4 [(*[=

Portals:
Hell: Depths:1 Depths:2 Depths:3
Abyss: Depths:1 Depths:2 Depths:3
Pandemonium: Depths:2 Depths:4
Ziggurat: Depths:3

Annotations:
D:8 3 runed translucent doors
D:9 4 transporters
Lair:3 2 transporters, Pooter's ghost, journeyman MiBe
Spider:2 Roxanne
Elf:2 5 runed translucent doors, Jorgrun
Vaults:2 Asterion
Vaults:3 Aizul
Depths:4 7 exclusions


Innate Abilities, Weirdness & Mutations

You can breathe bolts of dispelling energy.
Your rich purple scales are hard. (AC +12)
You cannot fit into any form of body armour.
You are cold-blooded and may be slowed by cold attacks.
You are partially covered in large bone plates. (SH +4)
You expend magic power (3 MP) to strengthen your wands.


Message History

There is a stone staircase leading up here.
You climb upwards.
There is a stone staircase leading down here.
A Hell Sentinel comes into view.
As you read the scroll of butterflies, it crumbles to dust.
You hear the flapping of tiny wings.
You swap places.
The Hell Sentinel hits your butterfly!
Your butterfly dies!
Your butterfly disappears in a burst of colours!
You swap places.
The Hell Sentinel completely misses your butterfly.
The Hell Sentinel hits your butterfly!!
Your butterfly dies!
Your butterfly disappears in a burst of colours!
Something hits your butterfly!
Your butterfly dies!
Your butterfly disappears in a burst of colours!
Things that are here:
a +0 club; a goblin skeleton You swap places.
You see here 2 poisoned darts.
A ynoxinul comes into view.
The ynoxinul gestures.
You slash the ynoxinul! You burn the ynoxinul.
The ynoxinul is heavily wounded.
You slice the ynoxinul!! You burn the ynoxinul!
You kill the ynoxinul!
The ufetubus disappears in a puff of smoke! x3
A neqoxec comes into view.
You block the neqoxec's attack.
You slash the neqoxec! You burn the neqoxec. You tail-slap the neqoxec.
The neqoxec is moderately wounded.
You can now pass through a line of other dancers.
You slice the neqoxec!! You burn the neqoxec.
You kill the neqoxec!
Your butterfly disappears in a burst of colours!
There is an open door here.
There is an open door here.
There is a staircase leading out of the dungeon here.
You have escaped!

...# #.# #.########.#####..##
.### #.# #..........#.....>.. .#
#.# ##########.#.####.## .# #.#
#≈≈≈≈≈≈≈#.#.# #.#. .# #.#
##≈≈≈.≈≈≈#.#.####.#. .# #.#
#..≈..≈≈≈≈.#....#.#. .# ###'#####
#......≈≈≈.####.#.#.
.###>......###......≈≈≈.# #.#.#.
..##.......+....@.≈.≈≈≈.# #.#.#.
####.......##....(≈~≈≈≈.####.#.#.
#.......##.....~≈≈≈≈.##...#.#.
#.......'......≈≈≈≈≈.##.###.##
#.......#.....≈≈≈≈≈#.##.#...#.
#.......+....#######.##.#.###.
#.......##.###..........#.#.##
#.......##.# #.########.#.#...
#############.# #.#........#.#.##


There were no monsters in sight!

Vanquished Creatures
  A dread lich (Zot:5)
  An ancient lich (Zot:5)
  Mennas (Depths:4)
  2 orbs of fire (Zot:5)
  A juggernaut (Depths:4)
  A pandemonium lord (D:15)
  Vv (Zot:1)
  Bai Suzhen (Depths:2)
  2 Killer Klowns (Zot:5)
  Margery (Vaults:3)
  3 curse toes
  6 golden dragons
  A caustic shrike (Depths:2)
  3 electric golems
  An Ice Fiend (Depths:1)
  A Tzitzimitl (Depths:1)
  10 tentacled monstrosities
  Zenata (Elf:1)
  2 liches
  17 Orb Guardians
  A titan (Depths:2)
  Gastronok (Lair:2)
  2 deep elf blademasters (Elf:3)
  4 quicksilver dragons
  2 sphinxes
  4 death cobs
  9 storm dragons
  2 tentacled starspawn (Abyss:3)
  Donald (Shoals:2)
  6 shadow dragons
  Ilsuiw (Shoals:2)
  A draconian monk (Zot:4)
  4 tengu reavers
  6 emperor scorpions
  2 fire giants
  6 ghost moths
  10 vault wardens
  4 frost giants
  5 deep elf sorcerers
  4 draconian shifters
  An iron dragon (Depths:4)
  9 ironbound preservers
  4 draconian scorchers
  4 draconian stormcallers
  A ghoul (Vaults:2)
  3 broodmothers (Spider:3)
  4 spriggan defenders
  5 draconian annihilators
  9 stone giants
  A formless jellyfish (Vaults:2)
  4 deep elf elementalists (Elf:3)
  11 very ugly things
  5 ironbound thunderhulks
  A reaper (Depths:4)
  4 minotaurs
  4 deep elf demonologists (Elf:3)
  9 green draconians
  6 black draconians
  6 yellow draconians
  10 dire elephants
  7 deep elf annihilators (Elf:3)
  12 red draconians
  3 purple draconians
  5 spark wasps
  8 white draconians
  9 fire dragons
  4 deep elf death magi
  Snorg (D:11)
  Josephine (Orc:1)
  A merfolk javelineer (Shoals:2)
  8 ettins
  2 entropy weavers
  A fire dragon (shapeshifter) (Depths:4)
  3 merfolk impalers
  5 deep elf high priests
  Harold (Orc:1)
  2 great orbs of eyes
  Fannar (Orc:1)
  A rakshasa (Depths:1)
  8 yaktaur captains
  6 hydras
  An ice dragon (D:11)
  3 spriggan air magi
  2 hell beasts
  7 ironbound frosthearts
  2 radroaches
  2 catoblepae (Lair:5)
  6 satyrs (Shoals:4)
  15 centaur warriors
  A merfolk avatar (Shoals:1)
  3 ogre magi
  18 dancing weapons
  9 two-headed ogres
  6 boulder beetles
  5 tengu warriors
  5 deep troll shamans
  6 deep troll earth magi
  7 demonic crawlers
  3 spriggan berserkers
  12 death yaks
  A vampire mage (Vaults:2)
  A soul eater (Depths:4)
  11 deep elf knights
  6 hell knights
  An orc high priest (Elf:1)
  3 wretched stars
  7 skeletal warriors
  2 sixfirhies
  5 spriggans
  A pharaoh ant (Spider:1)
  9 iron trolls
  36 deep trolls
  10 sea snakes
  4 skysharks
  A sun moth (Spider:1)
  A flayed ghost (Depths:1)
  3 glowing orange brains
  9 ironbound convokers
  11 deep elf archers
  2 orb spiders (Spider:4)
  5 wizards
  An obsidian statue (Zot:5)
  9 harpies
  7 lindwurms
  15 deep elf zephyrmancers
  7 steelbarb worms
  2 phantasmal warriors (Depths:3)
  3 necromancers
  12 wolf spiders
  A golden dragon skeleton (Vaults:3)
  20 ugly things
  29 deep elf pyromancers
  An orc knight (Orc:1)
  An oklob plant (Lair:5)
  9 fauns
  A faun (shapeshifter) (Elf:3)
  28 moths of wrath
  4 orc sorcerers
  A human zombie (Vaults:3)
  A rust devil (Depths:2)
  6 cyclopes
  A black mamba (Lair:4)
  6 merfolk sirens
  11 manticores
  14 vault sentinels
  5 torpor snails
  An ice statue (IceCv)
  3 water nymphs
  2 gargoyles
  2 spectral sea snakes (Shoals:2)
  6 cane toads
  9 yaktaurs
  A kobold demonologist (D:10)
  An ice devil (Depths:2)
  An efreet (Abyss:3)
  6 komodo dragons
  A tormentor (Zot:5)
  19 merfolk
  A red devil (Depths:2)
  2 spectral merfolk (Shoals:2)
  3 polar bears
  2 meliai
  4 tengu conjurers
  3 trolls
  A wolf spider simulacrum (D:14)
  5 hornets
  A blink frog (shapeshifter) (D:14)
  A raiju (Spider:1)
  A tarantella (shapeshifter) (D:14)
  13 tarantellas
  A raiju (shapeshifter) (Elf:2)
  12 dream sheep
  3 large abominations
  6 blink frogs
  2 wind drakes
  24 jumping spiders
  2 snapping turtles
  12 slime creatures
  A flying skull (Vaults:2)
  10 culicivoras
  An air elemental (Elf:2)
  A shadow (D:13)
  A slime creature (shapeshifter) (Elf:2)
  6 wyverns
  8 water elementals
  A ynoxinul (D:1)
  6 wraiths
  37 yaks
  2 fire elementals
  4 basilisks
  2 hogs (D:15)
  A neqoxec (D:1)
  2 vampire mosquitoes (D:13)
  A steam dragon (Lair:2)
  30 redbacks
  A human simulacrum (Vaults:3)
  3 acid dragons
  A warg (Orc:2)
  A hell hound (Depths:4)
  An ogre skeleton (Vaults:3)
  5 water moccasins
  2 floating eyes
  2 ice beasts
  7 orc warriors
  A sky beast (D:7)
  8 black bears
  12 ogres
  10 centaurs
  5 boggarts
  15 wolves
  28 nameless horrors
  4 kobold brigands
  A gnoll sergeant (D:12)
  7 bullfrogs
  2 scorpions
  2 earth elementals
  2 wights
  3 lindwurm simulacra (IceCv)
  2 howler monkeys
  A howler monkey (shapeshifter) (D:12)
  3 electric eels
  A komodo dragon simulacrum (IceCv)
  7 orc priests
  7 hounds
  A jelly (D:5)
  2 sleepcaps
  5 iguanas
  7 starcursed masses (Abyss:3)
  Terence (D:2)
  14 orc wizards
  Natasha (thrice) (D:2)
  3 small abominations (Abyss:2)
  9 gnolls
  13 adders
  A shadow imp (D:7)
  A white imp (D:6)
  A steam dragon simulacrum (IceCv)
  2 worms (D:2)
  4 dart slugs
  49 orcs
  5 ball pythons
  2 endoplasms
  2 giant cockroaches
  9 goblins
  4 hobgoblins
  2 jackals (D:1)
  28 kobolds
  4 quokkas
  7 bats
  2 frilled lizards
  2 rats (D:3)
  2 tentacles
1353 creatures vanquished.

Vanquished Creatures (collateral kills)
  An ancient lich (Zot:5)
  A golden dragon (Zot:1)
  2 tentacled monstrosities (Zot:1)
  5 Orb Guardians (Zot:5)
  3 deep elf master archers (Elf:3)
  A deep elf blademaster (Elf:3)
  A kraken (Shoals:3)
  2 death cobs
  A quicksilver dragon (Zot:1)
  Polyphemus (Shoals:3)
  3 sphinxes
  Kirke (D:15)
  A storm dragon (Zot:2)
  A fire giant (Depths:2)
  A draconian scorcher (Zot:3)
  3 deep elf sorcerers
  4 emperor scorpions
  An iron dragon (Depths:4)
  A ghost moth (Spider:4)
  2 vault wardens (Vaults:4)
  5 ironbound preservers
  Louise (Shoals:1)
  A spriggan defender (Depths:4)
  A draconian stormcaller (Zot:2)
  5 ironbound thunderhulks
  A war gargoyle (Vaults:2)
  3 black draconians
  A green draconian (Zot:1)
  A yellow draconian (Zot:2)
  2 dire elephants
  A deep elf annihilator (Elf:3)
  A white draconian (Zot:4)
  2 red draconians
  2 merfolk impalers
  A yaktaur captain (Vaults:4)
  A spectral kraken (Shoals:2)
  6 vault guards
  A catoblepas (Lair:3)
  3 entropy weavers
  A peacekeeper (Vaults:2)
  3 alligator snapping turtles
  A merfolk aquamancer (Shoals:1)
  3 ogre magi (Orc:2)
  2 ghost crabs (Shoals:2)
  Erica (D:9)
  2 merfolk avatars (Shoals:1)
  7 centaur warriors
  8 two-headed ogres
  3 boulder beetles
  A dancing weapon (Elf:2)
  3 death yaks (Lair:5)
  2 demonic crawlers (Spider:1)
  An orc high priest (Elf:2)
  5 satyrs
  A tengu warrior (D:15)
  3 hell knights
  3 deep elf knights (Elf:1)
  A skyshark (Shoals:1)
  4 skeletal warriors
  2 sun moths
  12 deep trolls
  A pharaoh ant (Spider:4)
  12 orb spiders
  3 sea snakes
  A lindwurm (Vaults:1)
  5 deep elf archers
  5 ironbound convokers
  5 harpies
  A glowing orange brain (Vaults:1)
  6 steelbarb worms
  4 wizards
  12 deep elf zephyrmancers
  3 necromancers
  A lindwurm (shapeshifter) (D:15)
  11 wolf spiders
  An orc sorcerer (Elf:1)
  A sphinx zombie (Vaults:3)
  4 ugly things
  6 deep elf pyromancers
  5 fauns
  3 moths of wrath
  3 cyclopes
  3 elephants (Lair:5)
  A black mamba (Lair:1)
  8 manticores
  4 merfolk sirens
  Joseph (D:8)
  An ice statue (IceCv)
  4 cane toads
  8 vault sentinels
  A torpor snail (Spider:1)
  A water nymph (Lair:2)
  A komodo dragon (Lair:3)
  4 yaktaurs
  5 rime drakes
  An unseen horror (D:10)
  4 kobold demonologists
  2 freezing wraiths (D:14)
  2 tengu conjurers (D:15)
  A tormentor (D:15)
  3 polar bears
  4 trolls
  A meliai (Spider:4)
  15 tarantellas
  8 merfolk
  A wind drake (Shoals:1)
  2 hornets
  7 blink frogs
  3 dream sheep
  7 jumping spiders
  10 slime creatures
  A fire giant simulacrum (Vaults:3)
  8 snapping turtles
  A spectral wind drake (Shoals:2)
  4 water elementals
  12 culicivoras
  3 hogs (D:15)
  2 shadows
  A spriggan (Depths:3)
  4 wyverns
  2 basilisks
  2 air elementals (Elf:1)
  20 yaks
  34 redbacks
  A steam dragon (Lair:4)
  2 vampire mosquitoes (D:13)
  An elf skeleton (Vaults:3)
  5 water moccasins
  10 orc warriors
  A black bear (D:9)
  A boggart (Vaults:3)
  12 ogres
  8 wolves
  2 centaurs
  4 kobold brigands (D:10)
  6 bullfrogs
  3 scorpions
  3 wights (D:9)
  2 lindwurm simulacra (IceCv)
  6 komodo dragon simulacra (IceCv)
  A jelly (D:7)
  3 orc priests
  6 orc wizards
  3 nameless horrors
  4 gnolls
  3 acid dragon simulacra (IceCv)
  5 steam dragon simulacra (IceCv)
  17 orcs
  3 kobolds (D:10)
  2 butterflies (Lair:5)
  A starspawn tentacle (Abyss:3)
559 creatures vanquished.

Vanquished Creatures (others)
  A stone giant (Depths:2)
  A yaktaur captain (Vaults:2)
  A catoblepas (Shoals:3)
  A satyr (Shoals:4)
  A hornet (Spider:1)
  2 water elementals
  A boggart (Vaults:3)
  An orc (Elf:2)
  2 kobolds (D:6)
  3 starspawn tentacles (Abyss:3)
  29 tentacles
43 creatures vanquished.

Grand Total: 1955 creatures vanquished

Notes
Turn   | Place    | Note
-------+----------+-------------------------------------------
     0 | D:1      | Shard1697 the Draconian Ice Elementalist began the quest
                  | for the Orb.
     0 | D:1      | Reached XP level 1. HP: 14/14 MP: 3/3
    40 | D:1      | Found a faded altar of an unknown god.
    73 | D:1      | Prayed at the altar of an unknown god.
    73 | D:1      | Became a worshipper of Uskayaw the Reveller
    73 | D:1      | Reached * piety under Uskayaw
    94 | D:1      | Reached ** piety under Uskayaw
   726 | D:1      | Reached XP level 2. HP: 19/20 MP: 5/5
   949 | D:2      | Reached *** piety under Uskayaw
   986 | D:2      | Found a snail-covered altar of Cheibriados.
  1000 | D:2      | Noticed Terence
  1209 | D:2      | Noticed Natasha
  1216 | D:2      | Killed Natasha
  1217 | D:2      | Reached XP level 3. HP: 13/26 MP: 1/7
  1288 | D:2      | Learned a level 3 spell: Frozen Ramparts
  1292 | D:2      | Learned a level 3 spell: Ozocubu's Armour
  1485 | D:2      | Noticed Natasha
  1502 | D:2      | Reached XP level 4. HP: 32/33 MP: 3/8
  1506 | D:2      | Killed Natasha
  1507 | D:2      | Reached skill level 5 in Ice Magic
  1656 | D:2      | Killed Terence
  2421 | D:3      | Reached XP level 5. HP: 38/38 MP: 10/10
  2728 | D:3      | Learned a level 4 spell: Summon Ice Beast
  3109 | D:4      | Reached skill level 1 in Summonings
  3111 | D:4      | Reached **** piety under Uskayaw
  3116 | D:4      | Reached XP level 6. HP: 43/45 MP: 7/11
  3750 | D:4      | Your scales start taking on a rich purple colour.
  3750 | D:4      | Reached XP level 7. HP: 47/50 MP: 10/14
  3780 | D:4      | Reached skill level 5 in Summonings
  4205 | D:5      | Entered Level 5 of the Dungeon
  5037 | D:5      | Reached skill level 5 in Spellcasting
  5107 | D:5      | Learned a level 5 spell: Summon Mana Viper
  5294 | D:6      | Reached skill level 1 in Fighting
  5294 | D:6      | Reached skill level 1 in Hexes
  5294 | D:6      | Reached XP level 8. HP: 30/59 MP: 11/15
  5819 | D:6      | Found a stormy altar of Qazlal.
  6042 | D:6      | Found Satwineppo's Tiny Tomes.
  6254 | D:7      | Found Zirghip's Assorted Antiques.
  6277 | D:7      | Reached skill level 1 in Long Blades
  6277 | D:7      | Reached skill level 5 in Hexes
  6402 | D:7      | Found a staircase to the Ecumenical Temple.
  6419 | D:7      | Reached XP level 9. HP: 23/73 MP: 5/16
  6589 | D:7      | Noticed a manticore
  6744 | D:7      | Killed a manticore
  7011 | D:8      | Noticed Joseph
  7021 | D:8      | Killed Joseph
  7111 | D:8      | Found Omomex's Assorted Antiques.
  7119 | D:8      | Bought a scroll of identify for 64 gold pieces
  7119 | D:8      | Bought a scroll of identify for 64 gold pieces
  7441 | D:8      | Reached skill level 5 in Long Blades
  7500 | D:8      | Noticed a brown ugly thing
  7501 | D:8      | Found a runed translucent gate.
  7507 | D:8      | Found a runed translucent gate.
  7508 | D:8      | Found a runed translucent gate.
  7509 | D:8      | Noticed a green ugly thing
  7509 | D:8      | Noticed a white ugly thing
  7510 | D:8      | Noticed a glowing orange brain
  7510 | D:8      | Noticed a red ugly thing
  8072 | D:9      | Noticed a troll
  8076 | D:9      | Killed a troll
  8212 | D:9      | Noticed a kobold demonologist
  8213 | D:9      | Found a transporter.
  8223 | D:9      | Killed a kobold demonologist
  8224 | D:9      | Reached XP level 10. HP: 80/80 MP: 13/17
  8265 | D:9      | Found a transporter.
  8267 | D:9      | Found a transporter.
  8286 | D:9      | Found a transporter.
  8385 | D:9      | Noticed Erica
  8396 | D:9      | Reached skill level 5 in Fighting
  8451 | D:9      | Killed Erica
  8692 | D:9      | Found a white marble altar of Elyvilon.
  8919 | D:9      | Found a staircase to the Lair.
  9014 | D:9      | Reached ***** piety under Uskayaw
  9340 | D:9      | Reached XP level 11. HP: 84/92 MP: 12/18
  9438 | D:10     | Entered Level 10 of the Dungeon
  9741 | D:10     | Found an iron altar of Okawaru.
  9742 | D:10     | Found an ancient bone altar of Kikubaaqudgha.
  9786 | D:10     | Reached skill level 1 in Invocations
  9883 | D:10     | Reached skill level 2 in Invocations
 10131 | D:10     | Found a sparkling altar of Nemelex Xobeh.
 10132 | D:10     | Found a snail-covered altar of Cheibriados.
 10347 | D:11     | Noticed a two-headed ogre
 10361 | D:11     | Killed a two-headed ogre
 10362 | D:11     | Reached skill level 3 in Invocations
 10449 | D:11     | Noticed Snorg
 10471 | D:11     | Killed Snorg
 10472 | D:11     | Reached skill level 4 in Invocations
 10489 | D:11     | Found a glowing silver altar of Zin.
 10556 | D:11     | Found a frozen archway.
 10557 | D:11     | Noticed an ice dragon
 10616 | D:11     | Killed an ice dragon
 10650 | D:11     | Reached skill level 5 in Invocations
 10657 | IceCv    | Entered an ice cave
 11269 | IceCv    | Noticed a white draconian
 11335 | IceCv    | Killed a white draconian
 11336 | IceCv    | Reached XP level 12. HP: 87/106 MP: 11/19
 11343 | IceCv    | Reached skill level 10 in Fighting
 11343 | IceCv    | Reached skill level 6 in Invocations
 11688 | IceCv    | Found the +6 Majin-Bo {spellvamp, MP+6 Int+6}
 12167 | D:11     | Reached skill level 10 in Long Blades
 12428 | D:10     | Found a radiant altar of Vehumet.
 12428 | D:10     | Found a broken altar of Ashenzari.
 12512 | Lair:1   | Entered Level 1 of the Lair of Beasts
 12680 | Lair:1   | HP: 3/106 [cane toad (15)]
 12791 | Lair:1   | Reached skill level 7 in Invocations
 13171 | Lair:1   | Reached skill level 8 in Invocations
 13829 | Lair:2   | Noticed Gastronok
 13846 | Lair:2   | Killed Gastronok
 13847 | Lair:2   | Reached skill level 5 in Dodging
 13898 | Lair:2   | Found a staircase to the Shoals.
 14176 | Lair:2   | Noticed a death yak
 14187 | Lair:2   | Killed a death yak
 14188 | Lair:2   | Reached XP level 13. HP: 101/113 MP: 12/20
 14418 | Lair:2   | Reached skill level 9 in Invocations
 14682 | Lair:3   | Found a transporter.
 14760 | Lair:3   | Noticed Pooter's ghost (journeyman MiBe)
 14765 | Lair:3   | Found a transporter.
 15231 | Lair:3   | Found a hole to the Spider Nest.
 15360 | Lair:3   | Learned a level 3 spell: Tukima's Dance
 15360 | Lair:3   | Identified a scroll of acquirement
 15360 | Lair:3   | Acquired the +0 pair of gloves of the Villain {rF+ rCorr
                  | Int+4 Dex+2}
 15829 | Lair:4   | Reached skill level 10 in Invocations
 16848 | Lair:5   | Entered Level 5 of the Lair of Beasts
 17021 | Lair:5   | Found a staircase to the Slime Pits.
 17073 | Lair:5   | Learned a level 7 spell: Monstrous Menagerie
 17386 | Lair:5   | Reached XP level 14. HP: 112/121 MP: 18/24
 17757 | Lair:5   | Reached skill level 10 in Summonings
 18614 | D:12     | Found a staircase to the Orcish Mines.
 18702 | D:12     | Found a runed translucent door.
 19037 | D:12     | HP: 8/181 [minotaur (23)]
 19570 | D:13     | Identified the +2 battleaxe "Vaice" {drain, +Blink Str-5
                  | Int+5}
 20448 | D:14     | Found Taoloss's Pet Rocks.
 20475 | D:14     | Bought a wand of digging (7) for 441 gold pieces
 20869 | D:14     | Found a gate to the Vaults.
 20869 | D:14     | Noticed an ironbound preserver
 20882 | D:14     | Reached skill level 10 in Dodging
 20888 | D:14     | Killed an ironbound preserver
 21010 | D:14     | Reached XP level 15. HP: 119/126 MP: 12/25
 22074 | D:15     | Entered Level 15 of the Dungeon
 22115 | D:15     | Noticed Kirke
 22137 | D:15     | Killed Kirke
 22300 | D:15     | Found an opulent altar of Gozag.
 22460 | D:15     | Identified the -1 pair of gloves of Precision Catastrophes
                  | {*Slow MP+9 Str-4 Int+8 Dex+3}
 22695 | D:15     | Found a staircase to the Depths.
 23675 | Spider:1 | Entered Level 1 of the Spider Nest
 23970 | Lair:3   | Reached skill level 1 in Shields
 24042 | Spider:1 | Noticed an emperor scorpion
 24143 | Spider:1 | Killed an emperor scorpion
 24833 | Spider:1 | Gained mutation: You do not regenerate when monsters are
                  | visible. [mutagenic glow]
 25205 | Spider:1 | Lost mutation: You do not regenerate when monsters are
                  | visible. [potion of mutation]
 25205 | Spider:1 | Gained mutation: You occasionally lose the ability to read
                  | scrolls when taking damage. [potion of mutation]
 25930 | Spider:1 | Reached XP level 16. HP: 98/134 MP: 10/26
 26174 | Spider:1 | Reached skill level 5 in Shields
 27612 | Spider:2 | Noticed Roxanne
 29309 | Spider:3 | Reached skill level 15 in Summonings
 30475 | Spider:4 | Entered Level 4 of the Spider Nest
 32446 | Spider:4 | Reached XP level 17. HP: 123/140 MP: 15/27
 33915 | Spider:4 | Got a gossamer rune of Zot
 34196 | Orc:1    | Entered Level 1 of the Orcish Mines
 34196 | Orc:1    | Noticed Harold
 34216 | Orc:1    | Killed Harold
 34217 | Orc:1    | Reached skill level 15 in Dodging
 34632 | Orc:1    | Noticed Fannar
 34641 | Orc:1    | Killed Fannar
 34646 | Orc:1    | Noticed Josephine
 34651 | Orc:1    | Killed Josephine
 34781 | Orc:2    | Entered Level 2 of the Orcish Mines
 34836 | Orc:2    | Reached ****** piety under Uskayaw
 34857 | Orc:2    | Found Raloph's Jewellery Shop.
 34857 | Orc:2    | Found Ycim's Magic Scroll Emporium.
 34858 | Orc:2    | Found Yfuenost's Antique Armour Shoppe.
 34858 | Orc:2    | Found Gealieps's General Store.
 35335 | Orc:2    | Bought the +3 pair of gauntlets of War {Slay+5} for 1900
                  | gold pieces
 35335 | Orc:2    | Found the +3 pair of gauntlets of War {Slay+5}
 35431 | Orc:2    | Found a staircase to the Elven Halls.
 35977 | Shoals:1 | Entered Level 1 of the Shoals
 36042 | Shoals:1 | Noticed Louise
 36058 | Shoals:1 | Killed Louise
 37258 | Shoals:2 | Reached skill level 11 in Invocations
 37408 | Shoals:2 | Noticed Ilsuiw
 37657 | Shoals:2 | Killed Ilsuiw
 37983 | Shoals:2 | Reached skill level 5 in Stealth
 37983 | Shoals:2 | Reached XP level 18. HP: 141/141 MP: 28/28
 38208 | Shoals:2 | Reached XP level 19. HP: 148/150 MP: 24/29
 38381 | Shoals:2 | Noticed Donald
 38391 | Shoals:2 | Killed Donald
 39117 | Shoals:3 | Noticed Polyphemus
 39137 | Shoals:3 | Killed Polyphemus
 40144 | Shoals:4 | Entered Level 4 of the Shoals
 41261 | Shoals:4 | Got a barnacled rune of Zot
 41294 | Shoals:4 | Identified the +5 battleaxe of Awkwardness {drain, Str+7
                  | Int-4 Dex-5 Stlth+}
 41354 | Shoals:4 | Reached skill level 10 in Shields
 41485 | Shoals:4 | Got Sif Muna's Catalogue of the Volcano
 41874 | Vaults:1 | Entered Level 1 of the Vaults
 41924 | Vaults:1 | Found Guetuzick's Antique Armour Boutique.
 41943 | Vaults:1 | Bought a pair of distressingly furry boots for 399 gold
                  | pieces
 41943 | Vaults:1 | Identified the +2 pair of boots of a sewer {Int+2} (You
                  | bought it in a shop on level 1 of the Vaults)
 41965 | Vaults:1 | Found Xiasaw's General Store.
 41966 | Vaults:1 | Found Ogit's Assorted Antiques.
 42115 | Vaults:1 | Found a flickering gateway to a bazaar.
 42131 | Vaults:1 | Reached skill level 15 in Long Blades
 42155 | Bazaar   | Entered a bazaar
 42270 | Bazaar   | Found Efofoerr's Jewellery Emporium.
 42300 | Bazaar   | Found Wakhlod's Jewellery Boutique.
 42357 | Bazaar   | Found Vaakune's Magic Scroll Emporium.
 42408 | Bazaar   | Found Rellizxi's Assorted Antiques.
 42416 | Bazaar   | Bought a scroll of blinking for 187 gold pieces
 42814 | Vaults:1 | Reached XP level 20. HP: 161/161 MP: 26/31
 44316 | Vaults:2 | Found a staircase to the Crypt.
 44334 | Vaults:2 | Reached skill level 12 in Invocations
 44386 | Vaults:2 | Identified the +1 ring mail of Somewhere Else {Rampage Fly
                  | rC-}
 44846 | Vaults:2 | Reached skill level 13 in Invocations
 45132 | Vaults:2 | Found Oqehob's Weapon Shoppe.
 45576 | Vaults:2 | Reached skill level 14 in Invocations
 45696 | Vaults:2 | Noticed Asterion
 46144 | Vaults:3 | Reached skill level 15 in Invocations
 46205 | Vaults:3 | Noticed Margery
 46217 | Vaults:3 | Killed Margery
 46957 | Vaults:3 | Reached skill level 16 in Invocations
 47282 | Vaults:3 | Reached XP level 21. HP: 134/168 MP: 26/33
 47642 | Vaults:4 | Reached skill level 17 in Invocations
 48125 | Orc:2    | Bought a glowing cloak for 300 gold pieces
 48339 | Vaults:4 | Noticed Aizul
 49105 | Vaults:4 | Reached skill level 18 in Invocations
 50051 | Elf:1    | Entered Level 1 of the Elven Halls
 50120 | Elf:1    | Paralysed by an air elemental for 1 turns
 50283 | Elf:1    | Reached skill level 19 in Invocations
 50478 | Elf:1    | Noticed Zenata
 50499 | Elf:1    | Killed Zenata
 50871 | Elf:1    | Paralysed by an air elemental for 1 turns
 50874 | Elf:1    | Paralysed by an air elemental for 1 turns
 51347 | Elf:1    | Found the +0 pair of fencer's gloves {Riposte Dex+3}
 51556 | Elf:1    | Found Pioradod's Magic Scroll Boutique.
 51570 | Elf:1    | Bought a scroll of teleportation for 48 gold pieces
 51570 | Elf:1    | Bought a scroll of enchant armour for 120 gold pieces
 51570 | Elf:1    | Bought a scroll of teleportation for 48 gold pieces
 52396 | Elf:2    | Found a huge runed translucent gate.
 52396 | Elf:2    | Found a huge runed translucent gate.
 52396 | Elf:2    | Found a huge runed translucent gate.
 52402 | Elf:2    | Found a huge runed translucent gate.
 52402 | Elf:2    | Found a huge runed translucent gate.
 52402 | Elf:2    | Noticed Jorgrun
 52569 | Elf:3    | Entered Level 3 of the Elven Halls
 52830 | Elf:3    | Reached XP level 22. HP: 174/181 MP: 28/35
 53394 | Elf:3    | Identified the ring of Xom's Fair Game {rN+ rCorr Int+6
                  | Dex+6 Slay-4}
 53576 | Elf:3    | HP: 9/181 [deep elf annihilator/entropic shot (68)]
 53838 | Elf:3    | Identified the +2 scale mail "Cyzoh" {Dex+3}
 53847 | Elf:3    | Identified the +6 broad axe "Estrob" {freeze, Fly Will++}
 53852 | Elf:3    | Identified the +11 demon blade of Infinite Pain {flame,
                  | Drain rPois Str+3}
 54021 | Elf:3    | Reached skill level 15 in Shields
 54251 | Elf:3    | Got the Excursus on Called Exhumation
 54664 | Depths:1 | Entered Level 1 of the Depths
 54734 | Depths:1 | You fall into a shaft and drop 1 floor!
 54778 | Depths:2 | Found a one-way gate to the infinite horrors of the Abyss.
 54871 | Depths:1 | Found a corrupted altar of Lugonu.
 55138 | Depths:1 | Found a blossoming altar of Fedhas.
 55149 | Depths:1 | Found a gateway to Hell.
 55448 | Depths:1 | Found Zioghou's Fire Supplies.
 56141 | Depths:2 | Found a one-way gate leading to the halls of Pandemonium.
 56288 | Depths:2 | Identified the +7 war axe "Ocsar" {drain, rF+ rC+ Will+
                  | Int+2}
 56500 | Depths:2 | Identified the +5 quarterstaff "Ustragol" {drain, rPois}
 56548 | Depths:2 | Reached skill level 15 in Fighting
 56955 | Depths:2 | Noticed Bai Suzhen
 56975 | Depths:2 | Killed Bai Suzhen
 57142 | Depths:2 | Noticed a caustic shrike
 57153 | Depths:2 | Killed a caustic shrike
 57360 | Depths:3 | Found a one-way gateway to a ziggurat.
 58090 | Depths:4 | Entered Level 4 of the Depths
 58304 | Depths:4 | Reached XP level 23. HP: 159/205 MP: 29/36
 58546 | Depths:4 | Found a gate to the Realm of Zot.
 58593 | Depths:4 | Found Extaddus's Jewellery Boutique.
 58606 | Depths:4 | Found Buagaubu's Armour Shop.
 58622 | Depths:4 | Found Xaexoklir's Weapon Boutique.
 58622 | Depths:4 | Found Cait's Assorted Antiques.
 58659 | Depths:4 | Found Edan's Armour Boutique.
 58704 | Depths:4 | Bought the ring "Heytzih" {rC+ SInv} for 687 gold pieces
 59024 | Depths:4 | Noticed a juggernaut
 59036 | Depths:4 | Killed a juggernaut
 59037 | Depths:4 | Noticed Mennas
 59314 | Depths:4 | Killed Mennas
 59562 | Depths:3 | Voluntarily entered the Abyss.
 59583 | Abyss:1  | Found a corrupted altar of Lugonu.
 59766 | Abyss:3  | Got an abyssal rune of Zot
 59785 | Abyss:3  | Found a corrupted altar of Lugonu.
 59838 | Depths:3 | Escaped the Abyss
 59892 | Zot:1    | Entered Level 1 of the Realm of Zot
 60362 | Zot:1    | Reached skill level 20 in Invocations
 60718 | Zot:1    | Noticed Vv
 60916 | Zot:1    | Killed Vv
 61860 | Zot:2    | Reached XP level 24. HP: 170/218 MP: 24/37
 62132 | Zot:3    | Reached skill level 21 in Invocations
 62265 | Zot:3    | Found a radiant altar of Vehumet.
 63623 | Zot:5    | Entered Level 5 of the Realm of Zot
 63766 | Zot:5    | Noticed a Killer Klown
 63891 | Zot:5    | Reached skill level 22 in Invocations
 64158 | Zot:5    | Killed a Killer Klown
 64327 | Zot:5    | Noticed an ancient lich
 64346 | Zot:5    | Killed an ancient lich
 64597 | Zot:5    | Noticed an orb of fire
 64607 | Zot:5    | Gained mutation: Your body sometimes deteriorates upon
                  | taking damage. [an orb of fire]
 64615 | Zot:5    | Killed an orb of fire
 64621 | Zot:5    | Noticed an ancient lich
 64621 | Zot:5    | Noticed a Killer Klown
 64648 | Zot:5    | Killed an ancient lich
 64654 | Zot:5    | Killed a Killer Klown
 65026 | Zot:5    | Noticed a dread lich
 65033 | Zot:5    | Noticed an orb of fire
 65034 | Zot:5    | Noticed an orb of fire
 65094 | Zot:5    | Killed a dread lich
 65095 | Zot:5    | Reached skill level 23 in Invocations
 65221 | Zot:5    | Gained mutation: You are frail. (-10% HP) [an orb of fire]
 65222 | Zot:5    | Killed an orb of fire
 65253 | Zot:5    | Lost mutation: Your body sometimes deteriorates upon taking
                  | damage. [potion of mutation]
 65253 | Zot:5    | Lost mutation: You occasionally lose the ability to read
                  | scrolls when taking damage. [potion of mutation]
 65253 | Zot:5    | Lost mutation: You are frail. (-10% HP) [potion of
                  | mutation]
 65253 | Zot:5    | Gained mutation: You expend magic power (3 MP) to
                  | strengthen your wands. [potion of mutation]
 65253 | Zot:5    | Gained mutation: You are partially covered in large bone
                  | plates. (SH +4) [potion of mutation]
 65303 | Zot:5    | Reached XP level 25. HP: 210/225 MP: 32/38
 65315 | Zot:5    | Got the Orb of Zot
 65398 | Zot:3    | Noticed Reef the pandemonium lord
 65671 | D:15     | Noticed Ewodaoty the pandemonium lord
 65699 | D:15     | Killed Ewodaoty the pandemonium lord
 65705 | D:15     | Noticed Xit Dups the pandemonium lord
 65991 | D:2      | Noticed Natasha
 65996 | D:2      | Killed Natasha
 66094 | D:$      | Escaped with the Orb!

Illustrated notes

Levels and vault maps discovered:
D:1:      dpeg_arrival_pond, layout_basic, shapermc_ecumenical_altar_gd
D:2:      layout_loops_corners, basic_altar, uniq_terence, uniq_natasha
D:3:      layout_loops_ring, minmay_joined_circles
D:4:      layout_loops_ring, serial_bayou_lake_a
D:5:      layout_basic, nicolae_half_adder
D:6:      layout_loops_ring, nicolae_qazlal_scattered_showers, corexii_shack,
          nicolae_shop_i_like_small_books_too
D:7:      layout_cave_pools, minmay_temple_entry_gardened_gates, serial_shops,
          shop
D:8:      layout_cave_pods, serial_shops, nicolae_shop_advertising_works
          [nicolae_subvault_shop_adworks],
          ploomutoo_gammafunk_ghost_potion_laboratory, uniq_joseph
D:9:      layout_loops_ring, kennysheep_mini_moat, minmay_lair_entry_grove,
          nicolae_transporter_circle, uniq_erica
D:10:     layout_loops_cross, mainiacjoe_overflow_divided_tiny,
          nicolae_overflow_hidden_temple, kennysheep_generic_room_10
D:11:     minmay_goldmine, layout_loops_ring,
          portal_ice_cave_entry_animals_and_master, corexii_corridor_pit,
          solitary_fountain, kennysheep_cross_bottleneck, zin_statuary,
          uniq_snorg
D:12:     dreamdust_labyrinth, layout_rooms, orc_0_dummy
D:13:     minmay_bubble_buster, layout_irregular_city
D:14:     layout_layer_cave, skrybe_vaults_entry_preservation,
          hellmonk_bongcloud_opening, guppyfry_shop_earth
D:15:     grunt_enter_depths_snipers, layout_basic, grunt_gozag_breadcrumbs,
          minmay_radiant, uniq_kirke
Lair:1:   layout_regular_city, grunt_megastairs_4
Lair:2:   layout_small_grid, nicolae_shoals_entry_flooding, uniq_gastronok
Lair:3:   layout_cave_pods, spider_nest_entry_rubble, gammafunk_ghost_arena,
          infiniplex_staircase_pool_2
Lair:4:   layout_hall_layers
Lair:5:   grunt_lair_end_beastmaster, layout_gridlike, slime_entry_1,
          lemuel_fruit_fields, serial_bayou_shore_a
Shoals:1: layout_shoals, uniq_louise
Shoals:2: layout_shoals, nicolae_shoals_spectral_cove, uniq_donald, uniq_ilsuiw
Shoals:3: layout_shoals, uniq_polyphemus
Shoals:4: shoals_end_hellmonk_lost_city
Spider:1: nicolae_spider_corner, beargit_elvish_explorers
Spider:2: layout_chambers, uniq_roxanne
Spider:3: layout_chambers
Spider:4: grunt_spider_rune_circles
Orc:1:    layout_diamond_mine, basic_altar, uniq_josephine, uniq_harold,
          uniq_fannar
Orc:2:    st_orc_ogre_mass, layout_caves
Elf:1:    nicolae_elf_arrival_no_cutting_in_line, layout_loops_ring,
          serial_shops, nicolae_shop_waterfront,
          hangedman_elven_crosses_minicolossus, uniq_zenata
Elf:2:    elven_hall_of_blades_hangedman_alternative [mumra_blade_entry_dagger],
          layout_geoelf_octagon, dk_noncrumbling_3, uniq_jorgrun
Elf:3:    minmay_elf_hall_furrowed, layout_loops_cross
Vaults:1: nicolae_vaults_little_squares_1, nicolae_vaults_asterisk,
          ontoclasm_vaults_misaligned, grunt_vaults_focal, v_rooms_1,
          v_alt_pattern_6, v_alt_pattern_5, nicolae_vaults_little_squares_3,
          hangedman_vaults_variations, nicolae_vaults_halls_meeting,
          nicolae_vaults_variable_pillar_hall,
          nicolae_vaults_doubleplus_tesselated, layout_vaults_maze_snakey,
          serial_shops, bzr_entry_dummy, shop, nicolae_shop_window_shopping,
          shop
Vaults:2: minmay_crypt_entry_simple_statues, nicolae_vaults_tangram_2,
          vaults_room_corners, v_misc_12, v_alt_pattern_3,
          nicolae_vaults_offset_grid_hallway_3,
          nicolae_vaults_taking_the_gang_shopping, nicolae_vaults_trapezoid_3,
          nicolae_vaults_house_1, v_pattern_3, vaults_room_boxed,
          ontoclasm_vaults_decontamination, nicolae_vaults_closet_pinwheel_5,
          nicolae_vaults_layer_cake_slice, layout_vaults_omnicross,
          uniq_asterion
Vaults:3: v_misc_27, nicolae_vaults_cochlea, v_alt_pattern_1,
          nicolae_vaults_diamond_1, nicolae_vaults_offset_grid_hallway_3,
          nicolae_vaults_puzzle_piece, nicolae_vaults_wrenched,
          nicolae_vaults_weapon_check, layout_vaults_ring, uniq_margery
Vaults:4: nicolae_vaults_trapezoid_3, vaults_room_corners,
          dpeg_vaults_monster_row, nicolae_vaults_asterisk, v_rooms_5,
          nicolae_vaults_an_arrangement, grunt_vaults_bifocal, vaults_room_grid,
          vaults_mumra_minichess, nicolae_vaults_alarming,
          nicolae_vaults_tetromino_Z_2, nicolae_vaults_diamond_1, v_misc_17,
          layout_vaults_omnibox, uniq_aizul
Depths:1: layout_gridlike, abyss_entry_flame_altar, hell_entry,
          minmay_misc_feat_enclosed, grunt_decor_junction, grunt_ministairs_7,
          hangedman_abyss_or_decor_lesser_grid, st_stairs_5,
          nicolae_shop_fire_sale [nicolae_sub_dead_trees], grunt_decor_cap,
          fedhas_altar_1
Depths:2: nzn_winding_woodlands_cross
          [nzn_winding_woodlands_5x15_river_crossing,
          nzn_winding_woodlands_5x15_cabin, nzn_winding_woodlands_5x15_default,
          nzn_winding_woodlands_5x15_pathside_ponds,
          nzn_winding_woodlands_15x15_thick_spiral], layout_cross,
          serial_co_window_serial, co_window_paths_b, co_window_paths_a,
          co_window_corner_a, co_window_paths_b, co_window_paths_a,
          co_window_cross_1, co_window_corner_a, co_window_paths_c,
          co_window_unsneaky_path_d, co_window_unsneaky_path_c,
          co_window_of_opportunity_c, co_window_paths_e, glass_columns_a,
          glass_columns_b, glass_columns_a, rand_demon_pan_entry_4,
          minmay_misc_feat_room, hell_entry, abyss_entry_crystal,
          uniq_bai_suzhen
Depths:3: minmay_haunted_quarter, layout_twisted_cross, enter_ziggurat_e,
          nrook_campfire, hangedman_abyss_entry_splay, grunt_hell_entry_dis_mu,
          hangedman_decor_riveting, minmay_staircase_statues
Depths:4: evilmike_zot_entry_basic, layout_gridlike, pan_entry, hellmouth_2,
          hex_intersection, serial_shops, nicolae_shop_tiny_statue_garden,
          minmay_shoptagon, uniq_mennas
Zot:1:    layout_gridlike, uniq_vv
Zot:2:    layout_misc_corridors
Zot:3:    layout_concentric_octagons, basic_altar
Zot:4:    layout_misc_corridors, hangedman_zot_decor_slant
Zot:5:    layout_gridlike, lemuel_baited_zot_trap

Skill      XL: |  1  2  3  4  5  6  7  8  9 10 11 12 13 14 15 16 17 18 19 20 21 22 23 24 25 |
---------------+----------------------------------------------------------------------------+-----
Spellcasting   | 3 4 5 7 |  7.5
Ice Magic      | 5 |  5.4
Summonings     | 2 4 6 7 9 11 13 16 17 18 | 18.7
Fighting       | 1 4 7 9 10 12 17 18 | 18.4
Hexes          | 1 5 8 9 |  9.0
Long Blades    | 2 5 7 9 11 12 14 15 16 | 16.0
Invocations    | 5 8 10 11 16 19 20 23 | 23.3
Dodging        | 5 8 10 12 14 15 16 17 19 20 | 20.1
Shields        | 4 5 11 12 13 15 | 15.0
Stealth        | 5 |  5.3

Action                     |  1- 3 |  4- 6 |  7- 9 | 10-12 | 13-15 | 16-18 | 19-21 | 22-24 | 25-27 || total
---------------------------+-------+-------+-------+-------+-------+-------+-------+-------+-------++-------
  Melee: Short sword       |    55 |     9 |       |       |       |       |       |       |       ||    64
         Tailslap          |    10 |     7 |    21 |    66 |   258 |   260 |   413 |   376 |    19 ||  1430
         Trident           |       |    56 |    80 |       |       |       |       |       |       ||   136
         Scimitar          |       |       |    86 |   384 |  1025 |  1013 |     9 |       |       ||  2517
         Punch             |       |       |     2 |     2 |    11 |       |       |       |       ||    15
         Double sword      |       |       |       |       |       |       |  1601 |   135 |       ||  1736
         Demon blade       |       |       |       |       |       |       |       |  1288 |    58 ||  1346
   Cast: Freeze            |    16 |    16 |    57 |    14 |       |       |       |       |       ||   103
         Frozen Ramparts   |       |     8 |    13 |    11 |     2 |     2 |       |       |       ||    36
         Ozocubu's Armour  |       |     1 |     3 |    15 |     3 |     1 |       |       |       ||    23
         Summon Ice Beast  |       |       |    13 |     1 |    17 |    17 |       |       |       ||    48
         Summon Mana Viper |       |       |       |    62 |   135 |   137 |    39 |       |       ||   373
         Monstrous Menager |       |       |       |       |       |    57 |   140 |    96 |     6 ||   299
 Invoke: Stomp             |       |     1 |     1 |     1 |       |       |     1 |     1 |       ||     5
         Grand Finale      |       |       |       |       |     2 |     1 |     3 |     2 |       ||     8
         Line Pass         |       |       |       |       |       |       |       |     3 |       ||     3
Ability: Breathe Dispellin |       |       |       |     1 |       |     1 |       |       |       ||     2
  Evoke: Wand              |       |       |       |     1 |     2 |     6 |     1 |     3 |     2 ||    15
         Box of beasts     |       |       |       |       |       |     1 |       |       |       ||     1
    Use: Scroll            |       |       |    20 |     9 |    13 |     8 |    17 |    12 |     1 ||    80
         Potion            |       |       |     1 |     4 |     3 |     6 |     5 |    10 |     4 ||    33
   Stab: Sleeping          |     3 |     6 |     9 |     1 |     5 |       |     7 |    22 |       ||    53
         Paralysed         |       |     2 |     3 |    20 |    50 |    27 |   140 |   158 |     4 ||   404
         Distracted        |       |       |     2 |     4 |    21 |    39 |    43 |    33 |     1 ||   143
         Petrified         |       |       |       |       |       |       |     1 |       |       ||     1
         Invisible         |       |       |       |       |       |       |       |     3 |     2 ||     5
         Confused          |       |       |       |       |       |       |       |     3 |       ||     3
 Armour: Skin              |    20 |    25 |   112 |   177 |   278 |   351 |   423 |   241 |     5 ||  1632
  Dodge: Dodged            |    41 |    50 |   183 |   273 |   939 |  1211 |  1121 |   664 |    29 ||  4511
  Block: Buckler           |       |       |       |       |    89 |   375 |     3 |       |       ||   467
         Kite shield       |       |       |       |       |       |       |  1025 |   948 |    49 ||  2022
Riposte: Double sword      |       |       |       |       |       |       |    35 |    56 |       ||    91

Table legend: (Time is in decaauts)
 A = Elapsed time spent in this place.
 B = Non-inter-level travel time spent in this place.
 C = Inter-level travel time spent in this place.
 D = Time resting spent in this place.
 E = Time spent auto-exploring this place.
 F = Levels seen in this place.
 G = Mean time per level.
                   A        B        C        D        E       F      G
               +--------+--------+--------+--------+--------+-----+--------+
         Total |  65448 |  61347 |   4101 |   6883 |  38111 |  51 | 1283.3 |
       Dungeon |  17880 |  16256 |   1624 |    852 |  11693 |  15 | 1192.0 |
          Lair |   6975 |   6494 |    481 |    881 |   4268 |   5 | 1395.0 |
        Shoals |   5879 |   5663 |    216 |    730 |   3192 |   4 | 1469.8 |
   Spider Nest |   9251 |   8879 |    372 |   1604 |   5021 |   4 | 2312.8 |
  Orcish Mines |   1688 |   1506 |    182 |    154 |   1014 |   2 |  844.0 |
   Elven Halls |   4314 |   4162 |    152 |    581 |   2238 |   3 | 1438.0 |
        Vaults |   7225 |   6674 |    551 |    359 |   4452 |   4 | 1806.2 |
        Depths |   4873 |   4595 |    278 |    259 |   3151 |   4 | 1218.2 |
           Zot |   5445 |   5205 |    240 |   1153 |   2293 |   5 | 1089.0 |
         Abyss |    261 |    261 |      0 |      0 |      0 |   3 |   87.0 |
        Bazaar |    530 |    530 |      0 |      0 |    489 |   1 |  530.0 |
      Ice Cave |   1124 |   1124 |      0 |    308 |    299 |   1 | 1124.0 |
               +--------+--------+--------+--------+--------+-----+--------+

Top non-repeatable levels by time:
Spider:3: 3206 daAuts
Spider:4: 2273 daAuts
Spider:1: 2226 daAuts
  Lair:3: 2060 daAuts
    D:14: 2049 daAuts
Vaults:1: 1966 daAuts
Vaults:4: 1886 daAuts
Vaults:2: 1834 daAuts
Shoals:2: 1750 daAuts
Shoals:3: 1732 daAuts
   Elf:3: 1670 daAuts
   Zot:5: 1647 daAuts
Depths:2: 1617 daAuts
   Elf:1: 1616 daAuts
Spider:2: 1544 daAuts
